AoeStats
← zamithdaniel

Pilgrims

507163688Analyzed
3v3 RM · 16d ago on Sep 16, 2026· 34m 38s· 6 players
Game mode
Random Map
Map size
Normal (6 player)
Population
200
Speed
Normal
Resources
Standard
Victory
Conquest
Starting age
Dark Age
Ending age
Imperial Age
RankedLock teamsTeams togetherTeam positionsShared explorationLock speedFull tech treeHidden civsTurbo modeCheats
Victory
Defeat
🇨🇴 Celts · Colombia
958
+14
🇨🇴 Japanese · Colombia
920
+15
🇨🇴 Persians · Colombia
858
+18
🇦🇷 Vietnamese · Argentina
923
-16
🇺🇸 Japanese · United States
905
-16
🇩🇪 Persians · Germany
889
-15
Creavite
8:12 Loom
13:08 Feudal Age
18:01 Castle Age
15:55 Double-Bit Axe
15:56 Fishing Lines
16:31 Forging
18:14 Scale Barding Armor
19:34 Chain Barding Armor
19:50 Iron Casting
19:29 Bloodlines
21:17 Wheelbarrow
20:51 Horse Collar
21:33 Heavy Plow
22:02 Gillnets
27:29 Hand Cart
27:20 Husbandry
28:07 Gold Mining
31:02 Gold Shaft Mining
30:22 Stone Mining
33:45 Imperial Age
32:28 Kamandaran
Williamjason007
15:17 Feudal Age
22:47 Castle Age
22:25 Double-Bit Axe
22:22 Horse Collar
22:37 Gold Mining
22:40 Stone Mining
23:03 Forging
22:55 Scale Mail Armor
22:42 Arson
23:40 Pikeman
24:21 Squires
26:37 Heavy Plow
26:54 Chain Mail Armor
28:49 Iron Casting
GSSC146961
4:58 Loom
12:27 Feudal Age
13:49 Wheelbarrow
13:00 Town Watch
12:40 Man-at-Arms
13:22 Double-Bit Axe
15:33 Fletching
17:25 Horse Collar
22:57 Gold Mining
26:04 Castle Age
26:10 Castle Age
25:07 Forging
24:58 Scale Mail Armor
24:56 Arson
zamithdaniel
11:44 Feudal Age
13:00 Double-Bit Axe
12:57 Horse Collar
16:18 Gold Mining
19:47 Castle Age
21:51 Stone Mining
24:39 Loom
25:56 Scale Mail Armor
26:07 Forging
29:50 Chain Mail Armor
30:10 Iron Casting
34:58 Fishing Lines
Griffith
13:25 Feudal Age
14:00 Loom
13:51 Man-at-Arms
25:12 Castle Age
29:51 Double-Bit Axe
29:51 Horse Collar
30:31 Demolition Ship
34:49 Fishing Lines
Dovahkyn
11:07 Feudal Age
12:32 Loom
20:20 Castle Age
19:13 Forging
19:35 Scale Mail Armor
19:20 Fishing Lines
20:36 Horse Collar
20:47 Double-Bit Axe
23:09 Squires
22:56 Gambesons
23:52 Iron Casting
25:30 Man-at-Arms
25:56 Arson
26:31 Chain Mail Armor
34:47 Gillnets
Connection lost

Rejoining the realm…

Still unreachable

The connection could not be restored.

Session expired

The server has moved on; the page needs a fresh start.